 Dungeon Crawl Stone Soup version 0.17-a0-1174-ge06b3cc (webtiles) character file.

6148 RobertPalmer the Carver (level 11, -1/75 HPs)
             Began as a Human Chaos Knight on May 29, 2015.
             Slain by a porcupine (7 damage)
             ... on level 9 of the Dungeon.
             The game lasted 00:25:46 (9454 turns).

RobertPalmer the Carver (Human Chaos Knight)        Turns: 9454, Time: 00:25:46

Health: -1/75      AC: 11    Str: 13    XL:     11   Next: 13%
Magic:  11/11      EV: 12    Int: 16    God:    Xom [...*..]
Gold:   680        SH:  0    Dex: 14    Spells: 0 memorised, 10 levels left

rFire  + + .     SeeInvis +     a - +0 scimitar
rCold  . . .     Clarity  .     I - +0 scale mail {rF+}
rNeg   . . .     SustAt   .     (no shield)
rPois  .         Gourm    .     t - +0 helmet
rElec  .         Spirit   .     n - +0 cloak
rCorr  .         Warding  .     (no gloves)
rMut   .         Stasis   .     C - +0 pair of boots
MR     +....                    E - amulet of faith {Faith, !P}
Stlth  +.........               u - ring of see invisible {sInv, !d}
                                e - ring of protection from fire {rF+, !d}

@: very slightly contaminated, drained, somewhat resistant to hostile
enchantments, very unstealthy
A: thin skeletal structure 1, blink 1, blurry vision 1, magic resistance 1,
mutation resistance 2, screaming 1
a: Blink, Renounce Religion


You were on level 9 of the Dungeon.
You worshipped Xom.
You were a favourite toy of Xom.
You were very hungry.

You visited 1 branch of the dungeon, and saw 9 of its levels.
You also visited: Bailey.

You collected 797 gold pieces.

Inventory:

Hand weapons
 a - a +0 scimitar (weapon)
   (You found it on level 8 of the Dungeon)
 y - a cursed -1 falchion
   (You took it off a crimson imp on level 8 of the Dungeon)
 F - a +0 falchion of pain
   (You took it off an orc on level 9 of the Dungeon)
 N - a +2 falchion of freezing
   (You took it off a wight on level 9 of the Dungeon)
Missiles
 r - 5 curare-tipped needles
Armour
 n - a +0 cloak (worn)
   (You found it on level 2 of the Dungeon)
 t - a +0 helmet (worn)
   (You found it on level 6 of the Dungeon)
 C - a +0 pair of boots (worn)
   (You found it on level 5 of the Dungeon)
 I - a +0 scale mail of fire resistance (worn)
   (You found it on level 8 of the Dungeon)
Rods
 b - a +5 lightning rod (9/9)
   (Xom gifted it to you on level 4 of the Dungeon)
Jewellery
 e - a ring of protection from fire (left hand) {rF+, !d}
   (You found it on level 1 of the Dungeon)
 g - an uncursed ring of wizardry {Wiz+, !d}
   (You found it on level 1 of the Dungeon)
 u - a ring of see invisible (right hand) {sInv, !d}
   (You found it on level 6 of the Dungeon)
 E - an amulet of faith (around neck) {Faith, !P}
   (Xom gifted it to you on level 5 of the Dungeon)
 H - an uncursed ring of positive energy {rN+}
   (You found it on level 7 of the Dungeon)
Magical devices
 d - a wand of confusion (8)
   (You took it off Ijyb on level 2 of the Dungeon)
 p - a wand of paralysis (14)
   (You found it on level 8 of the Dungeon)
 x - a wand of confusion (1)
   (You took it off Duvessa on level 6 of the Dungeon)
 D - a wand of heal wounds (5)
   (Xom gifted it to you on level 5 of the Dungeon)
 M - a wand of cold (8)
   (You found it on level 9 of the Dungeon)
Scrolls
 j - a scroll of fear
 s - 2 scrolls of amnesia
 A - a scroll of enchant armour
 G - a scroll of remove curse {unknown}
 J - 3 scrolls of teleportation
 K - a scroll of identify
Potions
 f - a potion of berserk rage {!q}
 i - 3 potions of might
 m - 2 potions of curing
 o - 3 potions of flight
 w - a potion of lignification {!q}
 z - 2 potions of poison {!q}
 B - a potion of haste
Miscellaneous
 L - a plain deck of changes
   (You found it on level 9 of the Dungeon)
Comestibles
 c - 6 bread rations {@e1}
 h - a royal jelly
 l - 2 meat rations {@e2}
 q - 3 slices of pizza
 v - 4 fruits


   Skills:
 - Level 3.0(2.7) Fighting
 - Level 13.0(12.6) Long Blades
 + Level 7.4(7.0) Armour
 - Level 6.2(5.9) Dodging


You had 10 spell levels left.
You didn't know any spells.

Dungeon Overview and Level Annotations

Branches:
Dungeon (9/15)             Temple (0/1) D:4            Lair (0/8) D:9
    Orc: D:9-12

Altars:
Ashenzari
Cheibriados
Elyvilon
Ru
Trog
Xom

Shops:
D:8 =


Innate Abilities, Weirdness & Mutations

You have a somewhat thin skeletal structure (Dex +2, Stealth).
You can translocate small distances at will.
Scrolls take you a little longer to read.
You are resistant to hostile enchantments.
You are somewhat resistant to both further mutation and mutation removal.
You occasionally shout uncontrollably at your foes.


Message History

There is a stone staircase leading up here.
Read which item? (? for menu, Esc to quit)
Really read with blurry vision while enemies are nearby?
Okay, then.
Unknown command.
Unknown command.
Drink which item? (? for menu, Esc to quit)
You feel much better.
The hell rat bites you but does no damage.
You regained 29 hp, and now have 43/75 hp.
Drink which item? (? for menu, Esc to quit)
Really quaff
w - 2 potions of lignification {!q}?
You turn into a tree.
Your +0 cloak melds into your body.
Your +0 helmet melds into your body.
Your +0 pair of boots melds into your body.
Your +0 scale mail of fire resistance melds into your body.
You feel less resistant to fire.
Your roots penetrate the ground.
The hell rat bites you.
You now have 63/112 hp.
You are too injured to fight recklessly!
You are too injured to fight recklessly!
You are too injured to fight recklessly!
You are too injured to fight recklessly!
You slash the hell rat! The hell rat bites you.
You take 3 damage, and have 60/112 hp.
You hit the hell rat.
You kill the hell rat!
The unseen horror hits you but does no damage. x2
You slash the unseen horror!
The unseen horror hits you but does no damage.
You cannot move.
You cannot move.
You cannot move. "Heh heh heh..."
The unseen horror looks rather confused.
Unknown command.
You slash the unseen horror! Xom grants you a minor favour.
You fade into invisibility!
You are very lightly contaminated with residual magic.
You slash the unseen horror!
You are feeling very hungry.
The unseen horror hits you but does no damage.
You swing at nothing.
You catch the helpless unseen horror completely off-guard!
You slash the unseen horror!
You kill the unseen horror!
Your base Armour skill increases to level 7!
Your transformation is almost over.
You start resting.
You feel less woody.
Your +0 cloak unmelds from your body.
Your +0 helmet unmelds from your body.
Your +0 pair of boots unmelds from your body.
Your +0 scale mail of fire resistance unmelds from your body.
You feel resistant to fire.
You now have 45/75 hp.
You start resting.
You flicker for a moment.
Things that are here:
a halberd; 18 stones You flicker back into view.
The porcupine is too close now for your liking.
You regained 2 hp, and now have 48/75 hp.
Unknown command.
Unknown command.
A porcupine is nearby!
A porcupine is nearby!
A porcupine is nearby!
A porcupine is nearby!
You are struck by the porcupine's spines.
You closely miss the porcupine. The porcupine closely misses you.
You take 4 damage, and have 44/75 hp.
You are too injured to fight recklessly!
You are too injured to fight recklessly!
You are too injured to fight recklessly!
You are too injured to fight recklessly!
You are too injured to fight recklessly!
You slash the porcupine!
The porcupine twitches its whiskers.
The porcupine bites you but does no damage.
You are struck by the porcupine's spines.
You slash the porcupine!
You kill the porcupine!
You take 10 damage, and have 34/75 hp.
A porcupine is nearby!
You are too injured to fight recklessly!
Unknown command.
You are struck by the porcupine's spines.
You hit the porcupine. The porcupine bites you!
* * * LOW HITPOINT WARNING * * *
You take 14 damage, and have 21/75 hp.
You are struck by the porcupine's spines.
* * * LOW HITPOINT WARNING * * *
You closely miss the porcupine. The porcupine bites you!
* * * LOW HITPOINT WARNING * * *
You take 15 damage, and have 6/75 hp.
You hit the porcupine. The porcupine barely misses you.
Unknown command.
You barely miss the porcupine. The porcupine bites you!
You die...

##.....######.#
#...............)
##............#.# ..#
#.....######.#.# ##..# #.#
###............#.# ...###'#
#.........###.##.# #....'_#
#.........# #.##.# ##..# #'#
#.........###.##.###...# #.#
#.........r@...........###.#
#.........###.##.###........
#.........###.##.###........
#.................?.........
#.........###..########.####
#.........###..# #..#
###............# #))##
#..#.......#.########...#
#..#.#...#.........†<.).#


You could see a porcupine.

Vanquished Creatures
  An unseen horror (D:9)
  An orc knight (Bailey)
  Pikel (D:5)
  A two-headed ogre (D:9)
  A deep elf mage (D:9)
  Eustachio (D:4)
  A human (D:7)
  A yak (D:9)
  2 hippogriffs (D:9)
  A porcupine (D:9)
  Duvessa (D:6)
  5 orc warriors (Bailey)
  An ice beast (D:9)
  4 ogres
  A black bear (D:8)
  A centaur (D:5)
  A crocodile (D:9)
  A big kobold (D:8)
  2 giant frogs
  Dowan (D:6)
  2 scorpions (D:4)
  3 wights (D:9)
  5 hounds
  3 orc wizards
  A quasit (D:5)
  5 orc priests
  2 crimson imps
  Ijyb (D:2)
  6 iguanas
  4 worker ants
  2 hell rats (D:9)
  2 hound skeletons
  A worker ant zombie (D:6)
  6 gnolls
  10 adders
  A shadow imp (D:5)
  A white imp (Bailey)
  2 oozes
  2 adder skeletons
  5 worms
  4 giant geckos
  26 orcs
  8 giant cockroaches
  20 goblins
  16 hobgoblins
  6 jackals
  A quokka (D:2)
  2 ball pythons
  11 bats
  3 giant newts
  27 kobolds
  2 quokka zombies (D:7)
  19 rats
238 creatures vanquished.

Vanquished Creatures (collateral kills)
  An ugly thing (D:8)
  A porcupine (D:9)
  An ogre (D:8)
  A centaur (D:8)
  A big kobold (D:9)
  A giant frog (D:8)
  A scorpion (D:8)
  7 wights
  A hound (D:8)
  A crimson imp (D:8)
  A worker ant (D:8)
  An adder (D:8)
  2 orcs (D:9)
  A bat (D:8)
  A bat zombie (D:8)
  2 kobolds (D:9)
  A quokka (D:8)
25 creatures vanquished.

Vanquished Creatures (others)
  A dancing weapon (D:9)
  2 ball lightnings (Bailey)
  An ogre (D:5)
  A big kobold (Bailey)
  A crimson imp (Bailey)
  An orc wizard (D:5)
  An iron imp (D:5)
  An orc priest (D:5)
  2 white imps
  3 orcs (D:5)
  A kobold (D:5)
  2 butterflies (Bailey)
17 creatures vanquished.

Grand Total: 280 creatures vanquished

Notes
Turn   | Place    | Note
--------------------------------------------------------------
     0 | D:1      | RobertPalmer the Human Chaos Knight began the quest for the Orb.
     0 | D:1      | Reached XP level 1. HP: 18/18 MP: 1/1
    91 | D:1      | Reached XP level 2. HP: 24/24 MP: 2/2
   170 | D:1      | XOM: divination: detect creatures
   185 | D:1      | XOM: harmless Tloc miscast
   260 | D:1      | XOM: silly message
   358 | D:1      | XOM: harmless Tloc miscast
   367 | D:1      | Reached skill level 4 in Long Blades
   367 | D:1      | Reached XP level 3. HP: 18/29 MP: 3/3
   646 | D:1      | XOM: divination: magic mapping
  1042 | D:2      | XOM: confuse monster(s)
  1047 | D:2      | Reached XP level 4. HP: 35/35 MP: 4/4
  1188 | D:2      | XOM: medium Air miscast
  1326 | D:2      | XOM: noise
  1365 | D:2      | Noticed Ijyb
  1368 | D:2      | XOM: confusion
  1392 | D:2      | XOM: enchant monster (good)
  1403 | D:2      | Killed Ijyb
  1403 | D:2      | Reached skill level 5 in Long Blades
  1404 | D:2      | XOM: smoke on damage
  1428 | D:2      | HP: 8/35 [poisoned by Ijyb]
  1530 | D:2      | XOM: give mutations
  1530 | D:2      | Gained mutation: Your spells are a little harder to cast, but a little more powerful. [Xom's mischief]
  1530 | D:2      | Gained mutation: You are weak. (Str -2) [Xom's mischief]
  1530 | D:2      | Gained mutation: Scrolls take you a little longer to read. [Xom's mischief]
  1530 | D:2      | Gained mutation: Scrolls take you longer to read. [Xom's mischief]
  1743 | D:2      | Reached XP level 5. HP: 41/41 MP: 5/5
  1799 | D:2      | XOM: harmless Conj miscast
  1813 | D:2      | XOM: give mutations
  1813 | D:2      | Gained mutation: You can translocate small distances at will. [Xom's grace]
  1813 | D:2      | Gained mutation: You have a somewhat thin skeletal structure (Dex +2, Stealth). [Xom's grace]
  1813 | D:2      | Gained mutation: You are somewhat resistant to further mutation. [Xom's grace]
  2198 | D:3      | XOM: cast spell 'Summon Butterflies'
  2305 | D:3      | Reached skill level 6 in Long Blades
  2322 | D:3      | Reached XP level 6. HP: 29/47 MP: 6/6
  2373 | D:3      | You fall through a shaft!
  2481 | D:6      | XOM: fog
  2513 | D:6      | Noticed Dowan
  2515 | D:6      | Noticed Duvessa
  2529 | D:6      | Killed Duvessa
  2529 | D:6      | Reached skill level 7 in Long Blades
  2529 | D:6      | Reached XP level 7. HP: 52/52 MP: 7/7
  2534 | D:6      | Killed Dowan
  2727 | D:6      | Reached skill level 8 in Long Blades
  2766 | D:6      | XOM: vitrification
  2795 | D:6      | XOM: polymorph hobgoblin -> giant newt
  2931 | D:6      | XOM: enchant monster (good)
  2933 | D:6      | Reached XP level 8. HP: 44/58 MP: 8/8
  3176 | D:6      | Reached skill level 9 in Long Blades
  3440 | D:6      | XOM: give mutations
  3440 | D:6      | Gained mutation: You occasionally shout uncontrollably at your foes. [Xom's mischief]
  3440 | D:6      | Gained mutation: You are frail (-10% HP). [Xom's mischief]
  3440 | D:6      | Lost mutation: Your spells are a little harder to cast, but a little more powerful. [Xom's mischief]
  3440 | D:6      | Lost mutation: You are frail (-10% HP). [Xom's mischief]
  3476 | D:5      | Entered Level 5 of the Dungeon
  3491 | D:5      | XOM: polymorph hound -> iguana
  3546 | D:5      | XOM: smoke on damage
  3558 | D:5      | Found a white marble altar of Elyvilon.
  3558 | D:5      | Found a shimmering altar of Xom.
  3588 | D:5      | HP: 12/58 [shadow imp (4)]
  3933 | D:5      | XOM: medium Pois miscast
  3956 | D:5      | XOM: medium Hex miscast
  4023 | D:5      | Noticed Pikel
  4071 | D:4      | Reached skill level 10 in Long Blades
  4309 | D:4      | Noticed Eustachio
  4320 | D:4      | Found a staircase to the Ecumenical Temple.
  4351 | D:4      | HP: 14/58 [poisoned by a worker ant]
  4355 | D:4      | Killed Eustachio
  4357 | D:4      | HP: 12/58 [poisoned by a worker ant]
  4363 | D:4      | HP: 11/58 [poisoned by a worker ant]
  4371 | D:4      | HP: 11/58 [poisoned by a worker ant]
  4420 | D:4      | XOM: 6-stop teleportation journey
  4471 | D:4      | XOM: god gift: curved jewelled rod {god gift}
  4625 | D:4      | Identified a +5 lightning rod (9/9) (Xom gifted it to you on level 4 of the Dungeon)
  4666 | D:4      | Reached XP level 9. HP: 63/63 MP: 9/9
  4738 | D:4      | XOM: divination: detect creatures
  4829 | D:4      | Found a sacrificial altar of Ru.
  4917 | D:4      | Reached skill level 11 in Long Blades
  5104 | D:5      | XOM: summons 2 friendly demons
  5110 | D:5      | XOM: cast spell 'Stoneskin'
  5124 | D:5      | XOM: harmless Divn miscast
  5134 | D:5      | Killed Pikel
  5358 | D:5      | Reached skill level 12 in Long Blades
  5362 | D:5      | XOM: mild Summ miscast
  5381 | D:5      | XOM: chaos cloud
  5382 | D:5      | Paralysed by you for 7 turns
  5389 | D:5      | HP: 15/63 [kobold (3)]
  5405 | D:5      | XOM: god gift: dented zirconium amulet {god gift}
  5664 | D:5      | XOM: god gift: iron wand {god gift}
  5814 | D:7      | Found a flagged portal.
  5839 | Bailey   | Entered a bailey
  5854 | Bailey   | Noticed an orc knight
  5943 | Bailey   | XOM: enchant monster (bad)
  5983 | Bailey   | XOM: enchant monster (good)
  5985 | Bailey   | XOM: potion effect (heal wounds)
  6019 | Bailey   | XOM: summons 2 friendly demons
  6023 | Bailey   | XOM: cast spell 'Conjure Ball Lightning'
  6024 | Bailey   | HP: 10/63 [ball lightning[the player character] (24)]
  6037 | Bailey   | XOM: harmless Air miscast
  6052 | Bailey   | XOM: fog
  6057 | Bailey   | XOM: enchant monster (bad)
  6062 | Bailey   | XOM: enchant monster (bad)
  6078 | Bailey   | Killed an orc knight
  6345 | Bailey   | Reached skill level 13 in Long Blades
  6345 | Bailey   | Reached XP level 10. HP: 67/70 MP: 10/10
  6377 | Bailey   | XOM: harmless Pois miscast
  6382 | Bailey   | XOM: confusion (+ monsters)
  6401 | Bailey   | Reached skill level 2 in Dodging
  6418 | Bailey   | Lost mutation: You are weak. (Str -2) [helix card]
  6418 | Bailey   | Gained mutation: You are dopey. (Int -2) [helix card]
  6421 | Bailey   | Lost mutation: Scrolls take you longer to read. [helix card]
  6422 | Bailey   | Hired Zeosuido the big kobold for 99 gold.
  6431 | Bailey   | Your ally Zeosuido died
  6433 | Bailey   | XOM: butterfly on damage
  6436 | Bailey   | Reached skill level 3 in Dodging
  6639 | D:7      | XOM: harmless Hex miscast
  6660 | D:7      | Reached skill level 4 in Dodging
  6757 | D:7      | XOM: polymorph human -> polar bear
  6760 | D:7      | XOM: summons 10 friendly demons
  6810 | D:7      | XOM: scenery: 1 doors open
  6870 | D:7      | XOM: 3-stop teleportation journey
  7041 | D:7      | XOM: cast spell 'Dragon Form'
  7042 | D:7      | Reached skill level 5 in Dodging
  7085 | D:7      | Found a bloodstained altar of Trog.
  7151 | D:7      | XOM: 2-stop teleportation journey
  7210 | D:8      | Noticed a brown ugly thing
  7223 | D:8      | Killed a brown ugly thing
  7230 | D:8      | Reached skill level 6 in Dodging
  7267 | D:8      | Found a shattered altar of Ashenzari.
  7427 | D:8      | Found Ujose Mid's Jewellery Emporium.
  7462 | D:8      | XOM: divination: detect items
  7465 | D:8      | XOM: smoke on damage
  7609 | D:8      | XOM: god gift: 6 sling bullets of frost
  7616 | D:8      | XOM: 1-stop teleportation journey
  7643 | D:8      | XOM: god gift: runed short sword {god gift}
  7792 | D:8      | XOM: god gift: 20 stones
  7825 | D:8      | XOM: vitrification
  7847 | D:8      | Reached skill level 3 in Armour
  7866 | D:8      | XOM: give mutations
  7866 | D:8      | Gained mutation: You are resistant to hostile enchantments. [Xom's grace]
  7866 | D:8      | Gained mutation: You are somewhat resistant to both further mutation and mutation removal. [Xom's grace]
  7866 | D:8      | Lost mutation: You are dopey. (Int -2) [Xom's grace]
  8144 | D:9      | XOM: polymorph orc wizard -> ooze
  8146 | D:9      | XOM: confuse monster(s)
  8157 | D:9      | XOM: confuse monster(s)
  8166 | D:9      | Reached skill level 4 in Armour
  8203 | D:9      | XOM: swap monsters
  8401 | D:9      | XOM: harmless Ice miscast
  8435 | D:9      | Found a staircase to the Lair.
  8453 | D:9      | XOM: harmless Summ miscast
  8456 | D:9      | XOM: divination: detect creatures
  8807 | D:9      | Found a snail-covered altar of Cheibriados.
  8864 | D:9      | Found a bloodstained altar of Trog.
  8893 | D:9      | XOM: enchant monster (good)
  8894 | D:9      | Reached skill level 5 in Armour
  9006 | D:9      | XOM: summons friendly white imp
  9011 | D:9      | XOM: summons friendly crimson imp
  9123 | D:9      | XOM: god gift: bread ration
  9215 | D:9      | Reached skill level 6 in Armour
  9327 | D:9      | Reached XP level 11. HP: 57/75 MP: 11/11
  9382 | D:9      | XOM: enchant monster (bad)
  9393 | D:9      | Noticed an unseen horror
  9393 | D:9      | a yak changed into an unseen horror
  9393 | D:9      | XOM: polymorph yak -> unseen horror
  9396 | D:9      | HP: 17/75 [unseen horror (3)]
  9407 | D:9      | XOM: confuse monster(s)
  9411 | D:9      | XOM: potion effect (invisibility)
  9418 | D:9      | Killed an unseen horror
  9418 | D:9      | Reached skill level 7 in Armour
  9452 | D:9      | HP: 17/75 [porcupine's spines (4)]
  9452 | D:9      | HP: 6/75 [porcupine (11)]
  9454 | D:9      | Slain by a porcupine

Vault maps used:
D:1:      onia_arrival_larder, minmay_crystal_water,
          hangedman_abyss_or_decor_stabs
D:2:      uniq_iyjb
D:3:      okawaru_gym_becter, first_bread
D:4:      nicolae_ru_sacrificial_ziggurat, uniq_eustachio
D:5:      nicolae_overflow_hidden_temple, st_stairs_13, cheibrodos_gnoll_hut,
          uniq_pikel
D:6:      uniq_duvessa
D:7:      overflow_temple_1_default, enter_bailey_3, enter_ossuary_4,
          minmay_ruffians
D:8:      lemuel_crystal_altar, serial_shops, shop
D:9:      lemuel_doored_altar, dpeg_lair_monsters, trog_three_pillars_becter
Bailey:   bailey_axe_4, bailey

Action                   |  1- 3 |  4- 6 |  7- 9 | 10-12 || total
-------------------------+-------+-------+-------+-------++-------
Melee: Falchion          |    95 |    95 |   293 |   144 ||   627
       Long sword        |       |       |   122 |       ||   122
       Scimitar          |       |       |       |   216 ||   216
       Unarmed           |       |       |       |     5 ||     5
Evoke: Wand              |       |     4 |     9 |       ||    13
       Rod               |       |       |     6 |     4 ||    10
       Deck              |       |       |       |    10 ||    10
  Use: Scroll            |     3 |     5 |     5 |    10 ||    23
       Potion            |       |     2 |     4 |     3 ||     9
 Stab: Sleeping          |     4 |       |       |     1 ||     5
       Paralysed         |       |     2 |     7 |     1 ||    10
       Confused          |       |     3 |     8 |     5 ||    16
       Invisible         |       |       |     1 |       ||     1
       Petrifying        |       |       |       |     4 ||     4
       Petrified         |       |       |       |     3 ||     3
  Eat: Chunk             |       |     5 |    11 |     6 ||    22
       Beef jerky        |       |       |     4 |       ||     4

Vault maps used:
D:1:      onia_arrival_larder, minmay_crystal_water,
          hangedman_abyss_or_decor_stabs
D:2:      uniq_iyjb
D:3:      okawaru_gym_becter, first_bread
D:4:      nicolae_ru_sacrificial_ziggurat, uniq_eustachio
D:5:      nicolae_overflow_hidden_temple, st_stairs_13, cheibrodos_gnoll_hut,
          uniq_pikel
D:6:      uniq_duvessa
D:7:      overflow_temple_1_default, enter_bailey_3, enter_ossuary_4,
          minmay_ruffians
D:8:      lemuel_crystal_altar, serial_shops, shop
D:9:      lemuel_doored_altar, dpeg_lair_monsters, trog_three_pillars_becter
Bailey:   bailey_axe_4, bailey

Table legend:
 A = Turns spent in this place as a percentage of turns spent in the entire game.
 B = Non-inter-level travel turns spent in this place as a percentage of non-inter-level travel turns spent in the entire game.
 C = Inter-level travel turns spent in this place as a percentage of turns spent in this place.
 D = Turns resting spent in this place as a percentage of non-inter-level travel turns spent in this place.
 E = Turns spent auto-exploring this place as a percentage of non-inter-level travel turns spent in this place.
 F = Non-inter-level travel turns spent in this place divided by the number of levels of this place that you've seen.
                   A       B       C       D       E      F
               +-------+-------+-------+-------+-------+----------------------
         Total | 100.0 | 100.0 |   0.3 |   1.6 |   7.1 | 388.7
       Dungeon |  86.5 |  86.4 |   0.4 |   1.5 |   8.2 | 373.2
        Bailey |  13.5 |  13.6 |   0.0 |   1.9 |   0.0 | 528.0
               +-------+-------+-------+-------+-------+----------------------

Table legend:
 A = Kills in this place as a percentage of kills in entire the game.
 B = Kills by you in this place as a percentage of kills by you in the entire game.
 C = Kills by friends in this place as a percentage of kills by friends in the entire game.
 D = Other kills in this place as a percentage of other kills in the entire game.
 E = Experience gained in this place as a percentage of experience gained in the entire game.
 F = Experience gained in this place divided by the number of levels of this place that you have seen.
                   A       B       C       D       E      F
               +-------+-------+-------+-------+-------+----------------------
         Total | 100.0 | 100.0 | 100.0 | 100.0 | 100.0 | 878.3
       Dungeon |  90.0 |  89.3 | 100.0 |  50.0 |  82.9 | 808.7
        Bailey |  10.0 |  10.7 |   0.0 |  50.0 |  17.1 | 1505.0
               +-------+-------+-------+-------+-------+----------------------
